| TOP OF THE 1ST |
|
Seattle Mariners batting - Pitching for Colorado Rockies : RHP Colin Lancey Jr.
|
|
Pitching: RHP Colin Lancey Jr.
|
|
|
Batting: LHB Dae-ik Yoon
|
0-0: Ball 1-0: Foul Ball, location: 2F 1-1: Fly out, F3 (Popup, 3SF, EV 83.8 MPH)
|
|
Batting: RHB Jose Vasquez
|
0-0: Ball 1-0: Foul Ball, location: 2F 1-1: Foul Ball, location: 2F 1-2: Ball 2-2: Foul Ball, location: 2F 2-2: Ball 3-2: Foul Ball, location: 2F 3-2: Base on Balls
|
|
Batting: SHB Floyd-William Goof
|
0-0: Ball 1-0: Ball 2-0: Called Strike 2-1: SINGLE (Line Drive, 78S, EV 90.6 MPH) Jose Vasquez to second
|
|
Batting: RHB Steve Jordan
|
0-0: Ball 1-0: Ball 2-0: Ball 3-0: Called Strike 3-1: SINGLE (Groundball, 25, EV 60.0 MPH) (infield hit) Jose Vasquez to third Floyd-William Goof to second
|
|
Batting: SHB Robbie Rogers
|
0-0: DOUBLE (Line Drive, 5D, EV 98.8 MPH) Jose Vasquez scores Floyd-William Goof scores Steve Jordan to third Runner from 3rd tries for Home, SAFE, throw by LF to home
|
|
Batting: RHB Pavpv Ivanushkin
|
0-0: Ball Robbie Rogers steals 3rd base (no throw) 1-0: Swinging Strike 1-1: Ball 2-1: Ball 3-1: Ground out 6-3 (Groundball, 6MS, EV 86.2 MPH) Robbie Rogers scores
|
|
Batting: RHB Tony Vargas
|
0-0: Ball 1-0: Swinging Strike 1-1: Ball 2-1: Fly out, F9 (Flyball, 9, EV 94.4 MPH)
|
| Top of the 1st over - 4 runs, 3 hits, 0 errors, 0 left on base; Seattle 4 - Colorado 0 |
| BOTTOM OF THE 1ST |
|
Colorado Rockies batting - Pitching for Seattle Mariners : RHP Tom Graham
|
|
Pitching: RHP Tom Graham
|
|
|
Batting: SHB Eddie Quinones
|
0-0: Called Strike 0-1: Called Strike 0-2: Strikes out swinging
|
|
Batting: RHB Henry Alvizo
|
0-0: Ground out 5-3 (Groundball, 56, EV 78.8 MPH)
|
|
Batting: RHB Joel Haycock
|
0-0: Called Strike 0-1: Foul Ball, location: 2F 0-2: Ground out 5-3 (Groundball, 56, EV 85.0 MPH)
|
| Bottom of the 1st over - 0 runs, 0 hits, 0 errors, 0 left on base; Seattle 4 - Colorado 0 |
| TOP OF THE 2ND |
|
Seattle Mariners batting - Pitching for Colorado Rockies : RHP Colin Lancey Jr.
|
|
Batting: RHB Harutomi Matsubara
|
0-0: Ball 1-0: Called Strike 1-1: Fly out, F3 (Line Drive, 34, EV 69.4 MPH)
|
|
Batting: RHB Jimmy Hammertime
|
0-0: Ball 1-0: Called Strike 1-1: Ground out U3 (Groundball, 34, EV 98.8 MPH)
|
|
Batting: LHB Dae-ik Yoon
|
0-0: Ball 1-0: Swinging Strike 1-1: Foul Ball, location: 2F 1-2: Ball 2-2: Foul Ball, location: 2F 2-2: Ball 3-2: Base on Balls
|
|
Batting: RHB Jose Vasquez
|
0-0: Ball 1-0: SINGLE (Line Drive, 9LS, EV 98.8 MPH) Dae-ik Yoon to second
|
|
Batting: SHB Floyd-William Goof
|
0-0: Called Strike 0-1: Ball 1-1: Ball 2-1: Foul Ball, location: 2F 2-2: Foul Ball, location: 2F 2-2: Ball 3-2: Strikes out swinging
|
| Top of the 2nd over - 0 runs, 1 hit, 0 errors, 2 left on base; Seattle 4 - Colorado 0 |
| BOTTOM OF THE 2ND |
|
Colorado Rockies batting - Pitching for Seattle Mariners : RHP Tom Graham
|
|
Batting: LHB Freddy Troncoso
|
0-0: Ball 1-0: Ground out U3 (Groundball, 3, EV 96.9 MPH)
|
|
Batting: RHB Jason Andrews
|
0-0: Foul Ball, location: 2F 0-1: Ball 1-1: Swinging Strike 1-2: Strikes out swinging
|
|
Batting: SHB Jon Munoz
|
0-0: Called Strike 0-1: Ball 1-1: Ball 2-1: Ball 3-1: Base on Balls
|
|
Batting: SHB Andy Vivas
|
0-0: Ball 1-0: Called Strike 1-1: Fly out, F6 (Popup, 6, EV 75.6 MPH)
|
| Bottom of the 2nd over - 0 runs, 0 hits, 0 errors, 1 left on base; Seattle 4 - Colorado 0 |
| TOP OF THE 3RD |
|
Seattle Mariners batting - Pitching for Colorado Rockies : RHP Colin Lancey Jr.
|
|
Batting: RHB Steve Jordan
|
0-0: Called Strike 0-1: Ball 1-1: Foul Ball, location: 2F 1-2: Foul Ball, location: 2F 1-2: Ball 2-2: Ball 3-2: SINGLE (Groundball, 6S, EV 71.2 MPH) (infield hit)
|
|
Batting: SHB Robbie Rogers
|
0-0: Swinging Strike Steve Jordan is caught stealing 2nd base 2-6 0-1: Ball 1-1: Ball 2-1: Ground out U3 (Groundball, 3, EV 80.6 MPH)
|
|
Batting: RHB Pavpv Ivanushkin
|
0-0: Called Strike 0-1: Ball 1-1: Foul Ball, location: 2F 1-2: Ball 2-2: Foul Ball, location: 2F 2-2: Ground out U3 (Groundball, 34S, EV 82.5 MPH)
|
| Top of the 3rd over - 0 runs, 1 hit, 0 errors, 0 left on base; Seattle 4 - Colorado 0 |
| BOTTOM OF THE 3RD |
|
Colorado Rockies batting - Pitching for Seattle Mariners : RHP Tom Graham
|
|
Batting: SHB Billy Encinias
|
0-0: Called Strike 0-1: Swinging Strike 0-2: Foul Ball, location: 2F 0-2: Foul Ball, location: 2F 0-2: Ball 1-2: Strikes out swinging
|
|
Batting: RHB Sterling Acosta
|
0-0: Ball 1-0: Swinging Strike 1-1: TRIPLE (Flyball, 78XD, EV 99.4 MPH)
|
|
Batting: SHB Eddie Quinones
|
0-0: Ball 1-0: Ball 2-0: Called Strike 2-1: Ball 3-1: Foul Ball, location: 2F 3-2: Foul Ball, location: 2F 3-2: Base on Balls
|
|
Batting: RHB Henry Alvizo
|
0-0: Fly out, F6 (Line Drive, 6, EV 73.8 MPH)
|
|
Batting: RHB Joel Haycock
|
0-0: Ball 1-0: Swinging Strike 1-1: Swinging Strike 1-2: Ball 2-2: Ball 3-2: Foul Ball, location: 2F 3-2: Foul Ball, location: 2F 3-2: Base on Balls Eddie Quinones to second
|
|
Batting: LHB Freddy Troncoso
|
0-0: SINGLE (Groundball, 34S, EV 63.8 MPH) (infield hit) Sterling Acosta scores Eddie Quinones to third Joel Haycock to second
|
|
Batting: RHB Jason Andrews
|
0-0: Called Strike 0-1: DOUBLE (Line Drive, 5D, EV 108.1 MPH) Eddie Quinones scores Joel Haycock scores Freddy Troncoso to third
|
|
Batting: SHB Jon Munoz
|
0-0: Ball 1-0: Called Strike 1-1: Ground out U3 (Groundball, 3L, EV 96.2 MPH)
|
| Bottom of the 3rd over - 3 runs, 3 hits, 0 errors, 2 left on base; Seattle 4 - Colorado 3 |
| TOP OF THE 4TH |
|
Seattle Mariners batting - Pitching for Colorado Rockies : RHP Colin Lancey Jr.
|
|
Batting: RHB Tony Vargas
|
0-0: Called Strike 0-1: Swinging Strike 0-2: Ball 1-2: Ground out 2-3 (Groundball, 13S, EV 73.1 MPH)
|
|
Batting: RHB Harutomi Matsubara
|
0-0: Ball 1-0: Ball 2-0: Ground out 4-3 (Groundball, 4, EV 98.8 MPH)
|
|
Batting: RHB Jimmy Hammertime
|
0-0: Ball 1-0: Ball 2-0: Swinging Strike 2-1: Swinging Strike 2-2: Strikes out swinging
|
| Top of the 4th over - 0 runs, 0 hits, 0 errors, 0 left on base; Seattle 4 - Colorado 3 |
| BOTTOM OF THE 4TH |
|
Colorado Rockies batting - Pitching for Seattle Mariners : RHP Tom Graham
|
|
Pitching: RHP Kyle Ridgeway
|
|
|
Batting: SHB Andy Vivas
|
0-0: Called Strike 0-1: Fly out, F4 (Line Drive, 4M, EV 63.8 MPH)
|
|
Batting: SHB Billy Encinias
|
0-0: Ball 1-0: Ball 2-0: Called Strike 2-1: Ball 3-1: Base on Balls
|
|
Batting: RHB Sterling Acosta
|
0-0: Ball Billy Encinias steals 2nd base 1-0: Ball 2-0: Foul Ball, location: 2F 2-1: Fly out, F9 (Flyball, 9LS, EV 77.5 MPH)
|
|
Batting: SHB Eddie Quinones
|
0-0: Called Strike 0-1: Ball 1-1: Ball 2-1: Foul Ball, location: 2F 2-2: Ball 3-2: Ground out 6-3 (Groundball, P, EV 85.6 MPH)
|
| Bottom of the 4th over - 0 runs, 0 hits, 0 errors, 1 left on base; Seattle 4 - Colorado 3 |
| TOP OF THE 5TH |
|
Seattle Mariners batting - Pitching for Colorado Rockies : RHP Colin Lancey Jr.
|
|
Batting: LHB Dae-ik Yoon
|
0-0: Called Strike 0-1: Ball 1-1: Foul Ball, location: 2F 1-2: Fly out, F8 (Flyball, 8RM, EV 94.4 MPH)
|
|
Batting: RHB Jose Vasquez
|
0-0: Ball 1-0: Ball 2-0: Called Strike 2-1: Ball 3-1: SINGLE (Groundball, 56D, EV 98.1 MPH)
|
|
Batting: SHB Floyd-William Goof
|
0-0: Ball 1-0: Swinging Strike 1-1: Fly out, F9 (Flyball, 89M, EV 94.4 MPH)
|
|
Batting: RHB Steve Jordan
|
0-0: Ball 1-0: Ground out 4-3 (Groundball, 34, EV 85.0 MPH)
|
| Top of the 5th over - 0 runs, 1 hit, 0 errors, 1 left on base; Seattle 4 - Colorado 3 |
| BOTTOM OF THE 5TH |
|
Colorado Rockies batting - Pitching for Seattle Mariners : RHP Kyle Ridgeway
|
|
Batting: RHB Henry Alvizo
|
0-0: Ball 1-0: Ball 2-0: Called Strike 2-1: Ball 3-1: Base on Balls
|
|
Batting: RHB Joel Haycock
|
0-0: Ball 1-0: Ball 2-0: Fly out, F7 (Flyball, 78M, EV 80.0 MPH)
|
|
Batting: LHB Freddy Troncoso
|
0-0: Foul Ball, location: 2F 0-1: Called Strike 0-2: Strikes out swinging
|
|
Batting: RHB Jason Andrews
|
0-0: Called Strike 0-1: Foul Ball, location: 2F 0-2: Strikes out swinging
|
| Bottom of the 5th over - 0 runs, 0 hits, 0 errors, 1 left on base; Seattle 4 - Colorado 3 |
| TOP OF THE 6TH |
|
Seattle Mariners batting - Pitching for Colorado Rockies : RHP Colin Lancey Jr.
|
|
Batting: SHB Robbie Rogers
|
0-0: Foul Ball, location: 2F 0-1: SINGLE (Groundball, 34S, EV 68.1 MPH) (infield hit)
|
|
Batting: RHB Pavpv Ivanushkin
|
0-0: Fielders Choice at 2nd, 6-4 (Groundball, 56, EV 102.5 MPH)
|
|
Batting: RHB Tony Vargas
|
0-0: Called Strike 0-1: Called Strike 0-2: Ball 1-2: Foul Ball, location: 2F 1-2: Strikes out swinging
|
|
Batting: RHB Harutomi Matsubara
|
0-0: Ball 1-0: Swinging Strike 1-1: Ball 2-1: Fly out, F7 (Flyball, 7, EV 93.1 MPH)
|
| Top of the 6th over - 0 runs, 1 hit, 0 errors, 1 left on base; Seattle 4 - Colorado 3 |
| BOTTOM OF THE 6TH |
|
Colorado Rockies batting - Pitching for Seattle Mariners : RHP Kyle Ridgeway
|
|
Batting: SHB Jon Munoz
|
0-0: Ball 1-0: Foul Ball, location: 2F 1-1: Fly out, F7 (Flyball, 78D, EV 100.6 MPH)
|
|
Batting: SHB Andy Vivas
|
0-0: Ground out 4-3 (Groundball, 4, EV 88.8 MPH)
|
|
Batting: SHB Billy Encinias
|
0-0: Ball 1-0: Called Strike 1-1: Ball 2-1: Swinging Strike 2-2: Strikes out swinging
|
| Bottom of the 6th over - 0 runs, 0 hits, 0 errors, 0 left on base; Seattle 4 - Colorado 3 |
| TOP OF THE 7TH |
|
Seattle Mariners batting - Pitching for Colorado Rockies : RHP Colin Lancey Jr.
|
|
Batting: RHB Jimmy Hammertime
|
0-0: Called Strike 0-1: Ground out 3-1 (Groundball, 34, EV 87.5 MPH)
|
|
Batting: LHB Dae-ik Yoon
|
0-0: Ball 1-0: Ground out 4-3 (Groundball, 34D, EV 100.6 MPH)
|
|
Batting: RHB Jose Vasquez
|
0-0: SINGLE (Line Drive, 8LS, EV 105.6 MPH)
|
|
Batting: SHB Floyd-William Goof
|
0-0: TRIPLE (Line Drive, 7LD, EV 103.8 MPH) Jose Vasquez scores
|
|
Pitching: LHP Mike Nimmo
|
|
|
Batting: RHB Steve Jordan
|
0-0: Called Strike 0-1: Called Strike 0-2: Foul Ball, location: 2F 0-2: Foul Ball, location: 2F 0-2: Strikes out swinging
|
| Top of the 7th over - 1 run, 2 hits, 0 errors, 1 left on base; Seattle 5 - Colorado 3 |
| BOTTOM OF THE 7TH |
|
Colorado Rockies batting - Pitching for Seattle Mariners : RHP Kyle Ridgeway
|
|
Pitching: RHP William de Jesus
|
|
|
Now at 3B: Corey Ottinger
|
|
|
Batting: RHB Sterling Acosta
|
0-0: Called Strike 0-1: Swinging Strike 0-2: Foul Ball, location: 2F 0-2: Ball 1-2: Fly out, F5 (Line Drive, 6, EV 62.5 MPH)
|
|
Batting: SHB Eddie Quinones
|
0-0: Ball 1-0: Called Strike 1-1: Fly out, F8 (Flyball, 8RM, EV 87.5 MPH)
|
|
Batting: RHB Henry Alvizo
|
0-0: Ball 1-0: Ball 2-0: Called Strike 2-1: Called Strike 2-2: Ball 3-2: Base on Balls
|
|
Batting: RHB Joel Haycock
|
0-0: Called Strike 0-1: Ball 1-1: Swinging Strike 1-2: Strikes out swinging
|
| Bottom of the 7th over - 0 runs, 0 hits, 0 errors, 1 left on base; Seattle 5 - Colorado 3 |
| TOP OF THE 8TH |
|
Seattle Mariners batting - Pitching for Colorado Rockies : LHP Mike Nimmo
|
|
Batting: SHB Robbie Rogers
|
0-0: Called Strike 0-1: Foul Ball, location: 2F 0-2: Foul Ball, location: 2F 0-2: SINGLE (Flyball, 3D, EV 93.1 MPH)
|
|
Batting: RHB Pavpv Ivanushkin
|
0-0: Ball 1-0: Ball Robbie Rogers steals 2nd base 2-0: DOUBLE (Line Drive, 89D, EV 110.0 MPH) Robbie Rogers scores
|
|
Batting: RHB Tony Vargas
|
0-0: Ball 1-0: Ball 2-0: Ground out 6-3 (Groundball, 6, EV 88.1 MPH) Pavpv Ivanushkin to third
|
|
Batting: RHB Harutomi Matsubara
|
0-0: Called Strike 0-1: Ball 1-1: Called Strike 1-2: Ball 2-2: TRIPLE (Flyball, 89XD, EV 91.2 MPH) Pavpv Ivanushkin scores
|
|
Batting: RHB Corey Ottinger
|
0-0: Ball 1-0: Ball 2-0: Ball Steal of home, Harutomi Matsubara is out 3-0: Called Strike 3-1: Ground out 6-3 (Groundball, 6, EV 84.4 MPH)
|
| Top of the 8th over - 2 runs, 3 hits, 0 errors, 0 left on base; Seattle 7 - Colorado 3 |
| BOTTOM OF THE 8TH |
|
Colorado Rockies batting - Pitching for Seattle Mariners : RHP William de Jesus
|
|
Now at 2B: Malik Brookshire
|
|
|
Batting: LHB Freddy Troncoso
|
0-0: Foul Ball, location: 2F 0-1: Ball 1-1: Foul Ball, location: 2F 1-2: Ball 2-2: Strikes out swinging
|
|
Batting: RHB Jason Andrews
|
0-0: Fly out, F3 (Popup, 3S, EV 81.2 MPH)
|
|
Batting: SHB Jon Munoz
|
0-0: Foul Ball, location: 2F 0-1: SINGLE (Groundball, 25, EV 68.1 MPH) (infield hit)
|
|
Batting: SHB Andy Vivas
|
0-0: Ball 1-0: Ball 2-0: Foul Ball, location: 2F 2-1: Ball 3-1: Fly out, F9 (Flyball, 89XD, EV 112.5 MPH)
|
| Bottom of the 8th over - 0 runs, 1 hit, 0 errors, 1 left on base; Seattle 7 - Colorado 3 |
| TOP OF THE 9TH |
|
Seattle Mariners batting - Pitching for Colorado Rockies : LHP Mike Nimmo
|
|
Batting: LHB Dae-ik Yoon
|
0-0: Called Strike 0-1: Ball 1-1: Called Strike 1-2: Ground out 6-3 (Groundball, 6, EV 88.1 MPH)
|
|
Batting: RHB Jose Vasquez
|
0-0: Foul Ball, location: 2F 0-1: Called Strike 0-2: Ball 1-2: Ball 2-2: Strikes out swinging
|
|
Batting: SHB Floyd-William Goof
|
0-0: Ball 1-0: Ball 2-0: Foul Ball, location: 2F 2-1: Fly out, F7 (Flyball, 7LM, EV 93.1 MPH)
|
| Top of the 9th over - 0 runs, 0 hits, 0 errors, 0 left on base; Seattle 7 - Colorado 3 |
| BOTTOM OF THE 9TH |
|
Colorado Rockies batting - Pitching for Seattle Mariners : RHP William de Jesus
|
|
Batting: SHB Billy Encinias
|
0-0: Ball 1-0: Foul Ball, location: 2F 1-1: Ground out 4-3 (Groundball, 4, EV 80.6 MPH)
|
|
Batting: RHB Sterling Acosta
|
0-0: Called Strike 0-1: Ball 1-1: Foul Ball, location: 2F 1-2: Strikes out swinging
|
|
Batting: SHB Eddie Quinones
|
0-0: Ball 1-0: Foul Ball, location: 2F 1-1: Called Strike 1-2: Ground out 4-3 (Groundball, 4D, EV 101.9 MPH)
|
| Bottom of the 9th over - 0 runs, 0 hits, 0 errors, 0 left on base; Seattle 7 - Colorado 3 |
|